Unix NetHack Version 5.0.0-0 post-release - last build Jun 10 2026 00:39:30 (3ee93aec679c4c4259841fe613dc97188e26a321,branch:main).

Game began 2026-06-12 16:54:40, ended 2026-06-12 20:54:19.

Brudee, chaotic female human Rogue

   ---.-----           --.---
   |.....|.-----------......|   ----
   -....^0............-.....|   |..|
---... ........-----....%|..-----..|
|....--.--G....-    -....|-[..--)).-                                     n
|..........%.%..    ---..|---...-%..|----
--..#--[--(..|..-      -.|   --.*...|-..|
 ----    ..- |...--    ---    ---.).|...---      ----
              --.<.             .%-- -....|      |..---
               ----             ..----.--.----   |....|
                                -..|...||....|   |-.|.---
                                |....-------.|  --..|...|  ..             r
                                --...|     |.|  |..-|...---.-             rr
                                           |.|  |.--  -...@.|             r
                               o           |.|  |.|   |...su
                                           |.----.|   |...
                                &          |......|   |..-   G
                                           ---..---   ----

Brudee the Rogue        St:17 Dx:18 Co:16 In:8 Wi:9 Ch:10  Chaotic S:9429
Dlvl:11 $:0  HP:0(66) Pw:29(29) AC:1  Xp:8/2140 T:3979  Burdened Blind

Latest messages:
 The giant spider bites!
 The gnome lord zaps a jeweled wand!
 The wand misses you.
 You hit the giant spider!
 The giant spider bites!
 The gnome lord zaps a jeweled wand!
 The wand misses you.
 The giant spider bites!
 The gnome lord zaps a jeweled wand!
 The wand hits you!
 You hit the gnome lord.
 The giant spider misses!
 The gnome lord zaps a wand of striking!
 The wand hits you!
 You hit the gnome lord!
 The giant spider bites!
 You kill the gnome lord!
 It misses the rothe.
 It misses the rothe.
 The giant spider bites!
 The rothe hits!
 The rothe misses!
 The rothe misses!
 It hits the rothe.
 It misses the rothe.
 The rothe misses it.
 The rothe bites it.
 The rothe misses it.
 The giant spider misses!
 The giant spider bites!
 You kill the rothe!
 The giant spider bites!
 You hear some noises.
 You hit the giant spider!
 The giant spider misses!
 The gnome picks up a wand of striking.
 The giant spider bites!
 You kill the gnome!
 The giant spider just misses!
 The giant spider bites!
 You have a little trouble lifting z - a wand of striking.
 There are several more objects here.
 The yellow light explodes!
 You are blinded by a blast of light!
 The giant spider bites!
 You hit the giant spider.
 The giant spider bites!
 You die...
 Do you want your possessions identified? [ynq] (y) y
 Do you want to see your attributes? [ynq] (y) q

Inventory:
 Weapons  (')')
  b - 4 +0 daggers (at the ready)
  k - a +0 elven dagger
  F - a +0 elven short sword (weapon in right hand)
 Armor    ('[')
  j - a blessed +1 orcish helm
  B - an uncursed +2 pair of speed boots
  D - an uncursed +0 cloak of protection (being worn)
  n - an uncursed +0 dwarvish mithril-coat (being worn)
 Wands    ('/')
  z - a wand of striking (0:3)
 Tools    ('(')
  f - an uncursed sack containing 35 items
  y - a blessed oil lamp
  h - an uncursed oil lamp
  o - a +0 pick-axe
  l - a +0 unicorn horn
 Gems/Stones  ('*')
  U - an uncursed luckstone

Contents of the sack:
  309 gold pieces
  an uncursed +0 helm of telepathy
  an uncursed +0 elven shield
  an uncursed clove of garlic
  3 uncursed food rations
  2 uncursed scrolls of blank paper
  a cursed scroll of blank paper
  an uncursed scroll of enchant armor
  an uncursed scroll of identify
  an uncursed scroll of light
  an uncursed scroll of magic mapping
  an uncursed scroll of taming
  an uncursed potion of acid
  an uncursed potion of full healing
  a cursed potion of gain ability
  a blessed potion of healing
  an uncursed potion of healing
  an uncursed potion of invisibility
  an uncursed potion of restore ability
  an uncursed potion of sickness
  an uncursed potion of sleeping
  2 potions of holy water
  an uncursed ring of poison resistance
  a cursed wand of magic missile (0:6)
  an uncursed leather drum
  an uncursed lock pick
  7 uncursed tallow candles
  a cursed tallow candle
  an uncursed tin whistle
  an uncursed tin whistle
  an uncursed towel
  a blessed wax candle
  an uncursed aquamarine stone
  an uncursed dilithium crystal
  an uncursed worthless piece of orange glass

Brudee the Rogue's attributes:

Background:
 You were a Rogue, level 8 female human.
 You were chaotic, on a mission for Kos
 who was opposed by Issek (lawful) and Mog (neutral).
 You were right-handed.
 You were in the Gnomish Mines, on level 11.
 You entered the dungeon 3979 turns ago.
 You had 2140 experience points, 420 more were needed to attain level 9.
 Your score was 9429 before end-of-game adjustments.

Basics:
 You had 0 out of 66 hit points.
 You had all 29 energy points (spell power).
 Your armor class was 1.
 Your wallet was empty, but
 you had 309 zorkmids stashed away in your pack.
 Autopickup was on for '$!=+?/"' plus thrown.

Final Characteristics:
 Your strength was 17 (limit:18/100).
 Your dexterity was 18 (limit:18).
 Your constitution was 16 (limit:18).
 Your intelligence was 8 (limit:18).
 Your wisdom was 9 (limit:18).
 Your charisma was 10 (limit:18).

Final Status:
 You were temporarily blind.
 You weren't hungry.
 You were burdened; movement was slightly slowed.
 You were wielding a short sword.
 You had basic skill with short sword and could have enhanced that.

Final Attributes:
 You were piously aligned.
 You were telepathic.
 You were stealthy.
 You were protected.
 You were very lucky.
 You had extra luck.
 Bad luck did not time out for you.
 Good luck did not time out for you.
 You are dead.

Miscellaneous:
 You encountered 1 bones level.
 Total elapsed playing time was 2 hours, 10 minutes and 23 seconds.

Major events:
 Turn
    1: Brudee the chaotic female human Rogue entered the dungeon
 1041: attained the rank of Cutpurse (level 3)
 1255: entered the Gnomish Mines
 1685: reached Mine Town
 1809: attained the rank of Rogue (level 6)
 3979: killed by a giant spider

You didn't know any spells.

Skills:
 Fighting Skills
   bare handed combat [Unskilled]
   two weapon combat  [Unskilled]
   riding             [Unskilled]
 Weapon Skills
   dagger             [Basic]
   knife              [Unskilled]
   short sword        [Basic]
   broadsword         [Unskilled]
   long sword         [Unskilled]
   two-handed sword   [Unskilled]
   saber              [Unskilled]
   club               [Unskilled]
   mace               [Unskilled]
   morning star       [Unskilled]
   flail              [Unskilled]
   hammer             [Unskilled]
   polearms           [Unskilled]
   spear              [Unskilled]
   crossbow           [Unskilled]
   dart               [Unskilled]
   shuriken           [Unskilled]
 Spellcasting Skills
   divination spells  [Unskilled]
   escape spells      [Unskilled]
   matter spells      [Unskilled]

Voluntary challenges:
 Character rerolling was not enabled.
 You never genocided any monsters.
 You never polymorphed an object.
 You never changed form.
 You used no wishes.
Achievements:
 You entered a shop.
 You attained the rank of Cutpurse.
 You entered the Gnomish Mines.
 You entered Minetown.
 You attained the rank of Rogue.

 The Dungeons of Doom: levels 1 to 5
    Level 1:
       A fountain.
    Level 2:
       An altar to Kos.
    Level 3:
       A grave.
    Level 4:
       An armor shop.
       Stairs down to The Gnomish Mines.
    Level 5:
       Final resting place for
          ArrBianca-Hea-Hum-Fem-Neu, killed by a giant bat.
 The Gnomish Mines: levels 5 to 11
    Level 5:
    Level 6:
    Level 7:
    Level 8:
       An altar to Kos, a fountain.
    Level 9:
    Level 10:
    Level 11: <- You were here.
       Final resting place for
          you, killed by a giant spider.


Vanquished creatures:
  a djinni
  a wolf
  a panther
  a spotted jelly
  8 orc-captains
 an iron piercer
  a yeti
  a white unicorn
  a raven
  a snake
  a Woodland-elf
  5 Mordor orcs
  7 Uruk-hai
  6 orc shamans
  a rock piercer
  a rock mole
  a yellow light
  7 gnome leaders
  3 gnomish wizards
  a gray ooze
  a ghoul
  a paper golem
  4 floating eyes
  a kitten
 11 dwarves
  a kobold leader
 12 hill orcs
  5 rothes
  a wererat
 an iguana
  2 killer bees
  a coyote
  3 hobbits
  a large kobold
  2 orcs
  5 giant rats
  2 cave spiders
  a brown mold
 44 gnomes
  a gecko
  3 jackals
  a fox
  a kobold
  3 goblins
  2 sewer rats
  2 grid bugs
  2 lichens
  a kobold zombie
  5 newts
170 creatures vanquished.

No species were genocided or became extinct.

Game over:
                       ----------
                      /          \
                     /    REST    \
                    /      IN      \
                   /     PEACE      \
                  /                  \
                  |      Brudee      |
                  |      309 Au      |
                  |   killed by a    |
                  |   giant spider   |
                  |                  |
                  |                  |
                  |       2026       |
                 *|     *  *  *      | *
        _________)/\\_//(\/(/\)/\//\/|_)_______

Goodbye Brudee the Rogue...

You died in The Gnomish Mines on dungeon level 11 with 9399 points,
and 309 pieces of gold, after 3979 moves.
You were level 8 with a maximum of 66 hit points when you died.

